 Dungeon Crawl Stone Soup version 0.23-a0-73-g64c3ba73d4 (webtiles) character file.

1734 Holzbalken the Basher (level 9, -6/54 HPs)
             Began as a Gargoyle Monk on Aug 10, 2018.
             Was a Believer of Qazlal.
             Killed by divine providence
             ... invoked by an orc priest
              (12 damage)
             ... on level 6 of the Dungeon.
             The game lasted 00:25:27 (6590 turns).

Holzbalken the Basher (Gargoyle Monk)               Turns: 6590, Time: 00:25:27

Health: -6/54      AC: 24    Str: 17    XL:     9   Next: 5%
Magic:  9/9        EV:  6    Int: 12    God:    Qazlal [**....]
Gold:   382        SH:  2    Dex: 12    Spells: 8/8 levels left

rFire    . . .     SeeInvis .   a - +1 mace
rCold    . . .     Gourm    .   (no shield)
rNeg     + . .     Faith    .   n - +0 plate armour
rPois    ∞         Spirit   .   r - +1 helmet
rElec    +         Reflect  .   w - +2 cloak {rPois}
rCorr    .         Harm     .   (no gloves)
MR       .....                  (no boots)
Stlth    ..........             (no amulet)
HPRegen  0.18/turn              s - +1 ring of protection
MPRegen  0.11/turn              (no ring)

@: no status effects
A: negative energy resistance 1, electricity resistance, unbreathing,
petrification resistance, rot immunity, AC +6
a: Upheaval, Renounce Religion


You were on level 6 of the Dungeon.
You worshipped Qazlal.
Qazlal was pleased with you.
You were not hungry.

You visited 2 branches of the dungeon, and saw 7 of its levels.

You collected 382 gold pieces.

Inventory:

Hand Weapons
 a - a +1 mace (weapon)
Armour
 b - a +0 robe
 m - a +0 leather armour
 n - a +0 plate armour (worn)
 o - a +0 large shield
 r - a +1 helmet (worn)
 w - a +2 cloak of poison resistance (worn)
Jewellery
 s - a +1 ring of protection (left hand)
 y - a +1 ring of evasion {unknown}
Wands
 e - a wand of iceblast (6)
 g - a wand of flame (39)
 x - a wand of digging (11)
Scrolls
 h - 5 scrolls of identify
 k - a scroll of remove curse
 p - 2 scrolls of blinking
 v - 2 scrolls of enchant armour
Potions
 c - 3 potions of heal wounds {unknown}
 d - a potion of lignification
 f - 3 potions of brilliance
 i - a potion of cancellation
 j - a potion of magic
 l - 4 potions of curing
 q - a potion of haste {unknown}
 u - a potion of mutation {unknown}
Comestibles
 t - 6 rations


   Skills:
 + Level 5.1 Fighting
 * Level 10.4 Maces & Flails
 + Level 3.6 Armour
 - Level 2.4 Dodging
 - Level 2.1 Stealth


You had 8 spell levels left.
You didn't know any spells.
Your spell library was empty.

Dungeon Overview and Level Annotations

Branches:
Dungeon (6/15)             Temple (1/1) D:6

Altars:
Cheibriados
Dithmenos
Fedhas
Gozag
Hepliaklqana
Kikubaaqudgha
Makhleb
Qazlal
Ru
Sif Muna
Trog
Uskayaw
Yredelemnul
Zin
The Shining One

Shops:
D:4 (

Annotations:
D:6 Blork the orc, Sigmund


Innate Abilities, Weirdness & Mutations

You are resistant to torment.
Your stone body is resilient. (AC +6)
You are immune to poison.
You resist negative energy. (rN+)
You are resistant to electric shocks. (rElec)
You can survive without breathing.
You are immune to petrification.
You are immune to rotting.


Message History

Blork the orc points at you and mumbles some strange words.
The puff of flame hits you!
* * * LOW HITPOINT WARNING * * *
Blork the orc suddenly complains.
The orc priest shouts!
You hear a shout!
Blork the orc hits you but does no damage.
The orc priest casts a cantrip, but nothing happens.
You see here a notched onyx ring.
y - a notched onyx ring Blork the orc hits you but does no damage.
The orc hits you but does no damage.
Blork the orc hits you but does no damage.
Blork the orc hits you but does no damage.
The orc priest mumbles some strange prayers to Beogh against you.
Beogh smites you!
* * * LOW HITPOINT WARNING * * *
Blork the orc hits you but does no damage.
The orc priest calls down the wrath of Beogh upon you.
Beogh smites you!
You die...

..#......# ....... ####...####
..........# ## #.........# ..
#.....[...##### .#
..............# .###
.##...........###...#
.##........o.oo.@§#
.#..##........###....#
.#.###..o.....# #..#.#
.#.###........# #..#.# .....
...(...######## #..#. ###.....
##)##.###########... #.....<.
#.##(##.[o..o.# #.#######.##....
#..((...o####.###......##.##....
####..o.o####.##...§.§..#5##....


You could see Blork the orc, an orc priest and an orc.

Vanquished Creatures
  Pikel (D:6)
  Grinder (D:3)
  A sky beast (Temple)
  5 big kobolds (D:3)
  2 crimson imps
  A hound (D:4)
  A jelly (D:6)
  Crazy Yiuf (D:3)
  4 orc wizards
  Jessica (D:3)
  2 worker ants (D:5)
  5 gnolls
  6 adders
  2 shadow imps (D:5)
  An ooze (D:3)
  An adder zombie (D:5)
  3 worms
  4 dart slugs
  5 leopard geckos
  7 orcs
  A ball python (D:1)
  6 bats
  3 giant cockroaches
  10 goblins
  11 hobgoblins
  8 jackals
  2 quokkas (D:2)
  3 frilled lizards
  40 kobolds
  A quokka zombie (D:5)
  8 rats
147 creatures vanquished.

Vanquished Creatures (others)
  2 slaves (D:6)
  An adder skeleton (D:6)
3 creatures vanquished.

Grand Total: 150 creatures vanquished

Notes
Turn   | Place    | Note
-------+----------+-------------------------------------------
     0 | D:1      | Holzbalken the Gargoyle Monk began the quest for the Orb.
     0 | D:1      | Reached XP level 1. HP: 14/14 MP: 1/1
   445 | D:1      | Reached XP level 2. HP: 9/19 MP: 2/2
   821 | D:1      | Reached skill level 4 in Maces & Flails
  1001 | D:1      | Reached XP level 3. HP: 21/23 MP: 3/3
  1303 | D:2      | Found a shadowy altar of Dithmenos.
  1609 | D:2      | Reached XP level 4. HP: 28/28 MP: 4/4
  1627 | D:2      | Found a hazy altar of Hepliaklqana.
  1687 | D:2      | Reached skill level 5 in Maces & Flails
  1923 | D:2      | Found a sacrificial altar of Ru.
  2262 | D:3      | Found a runed door.
  2315 | D:3      | Found an opulent altar of Gozag.
  2343 | D:3      | Noticed Jessica
  2348 | D:3      | Killed Jessica
  2348 | D:3      | Reached XP level 5. HP: 32/32 MP: 5/5
  2952 | D:3      | Noticed a big kobold
  2976 | D:3      | Killed a big kobold
  2976 | D:3      | Reached skill level 6 in Maces & Flails
  2976 | D:3      | Reached XP level 6. HP: 37/37 MP: 6/6
  3083 | D:3      | Reached skill level 7 in Maces & Flails
  3244 | D:3      | Reached XP level 7. HP: 39/41 MP: 7/7
  3268 | D:3      | Noticed Grinder
  3289 | D:3      | Paralysed by Grinder for 6 turns
  3296 | D:3      | Killed Grinder
  3296 | D:3      | Reached skill level 8 in Maces & Flails
  4077 | D:3      | Noticed Crazy Yiuf
  4094 | D:3      | Killed Crazy Yiuf
  4094 | D:3      | Reached skill level 9 in Maces & Flails
  4694 | D:4      | Found Ziaxegh's Antique Weapon Shop.
  4880 | D:4      | Reached XP level 8. HP: 44/46 MP: 8/8
  5085 | D:5      | Entered Level 5 of the Dungeon
  5205 | D:5      | Got a jewelled dagger
  5219 | D:5      | Identified the +2 dagger "Liyhif" {flame, rElec Str-2 Dex+3} (You found it on level 5 of the Dungeon)
  5259 | D:5      | Reached skill level 1 in Armour
  6159 | D:6      | Found a glowing silver altar of Zin.
  6164 | D:6      | Found a staircase to the Ecumenical Temple.
  6187 | D:6      | Noticed Pikel
  6190 | Temple   | Entered the Ecumenical Temple
  6291 | Temple   | Became a worshipper of Qazlal Stormbringer
  6291 | Temple   | Reached * piety under Qazlal
  6291 | Temple   | Reached ** piety under Qazlal
  6490 | D:6      | Killed Pikel
  6490 | D:6      | Reached skill level 5 in Fighting
  6490 | D:6      | Reached skill level 10 in Maces & Flails
  6490 | D:6      | Reached XP level 9. HP: 54/54 MP: 9/9
  6516 | D:6      | Noticed Sigmund
  6524 | D:6      | Noticed Blork the orc
  6590 | D:6      | Killed from afar by an orc priest

Vault maps used:
D:1:      nicolae_arrival_somewhat_less_tricky_arrival, minmay_nonomino_d4
D:2:      nicolae_overflow_crystal_walls, lemuel_round_altar,
          lemuel_coloured_pillars_altar
D:3:      minmay_goblin_kobold_castle, overflow_temple_1_default, first_ration,
          uniq_crazy_yiuf_cottage, uniq_jessica, uniq_grinder
D:4:      serial_shops, shop_fountains
D:6:      nicolae_overflow_hidden_temple, evilmike_ruin_ashenzari,
          minmay_temple_entry_purple_smoke, sigmund_army, uniq_edmund,
          uniq_pikel, uniq_prince_ribbit1, uniq_blork_the_orc
Temple:   jpeg_temple_alley_garden

Skill      XL: |  1  2  3  4  5  6  7  8 |
---------------+-------------------------+-----
Maces & Flails | 4 5 6 7 9 10 | 10.4
Armour         | 3 |  3.6
Fighting       | 5 |  5.1
Dodging        | |  2.4
Stealth        | |  2.1

Action                   |  1- 3 |  4- 6 |  7- 9 || total
-------------------------+-------+-------+-------++-------
Melee: Mace              |   131 |   248 |   347 ||   726
  Use: Scroll            |       |       |    17 ||    17
       Potion            |       |       |     1 ||     1
  Eat: Chunk             |     2 |     1 |     9 ||    12
       Ration            |       |     1 |     1 ||     2
Armor: Robe              |    17 |       |       ||    17
       Leather armour    |     8 |       |       ||     8
       Plate armour      |    33 |   291 |   314 ||   638
Dodge: Dodged            |    64 |    84 |    85 ||   233

Table legend:
 A = Non-vault XP
 B = Vault XP
 C = Vault XP percentage of total XP
 D = Non-vault monster count
 E = Vault monster count
 F = Vault count percentage of total count
 G = Total turns spent on level
                 A         B        C        D         E       F
            +---------+---------+-------+---------+---------+-------
      Total |     877 |    1601 |  64.6 |      98 |      49 |  33.3
            +---------+---------+-------+---------+---------+-------
        D:1 |      39 |       9 |  18.8 |      22 |       5 |  18.5
        D:2 |      97 |       0 |   0.0 |      16 |       0 |   0.0
        D:3 |      38 |     919 |  96.0 |      18 |      43 |  70.5
        D:4 |     141 |       0 |   0.0 |      16 |       0 |   0.0
        D:5 |     273 |       0 |   0.0 |      18 |       0 |   0.0
        D:6 |     100 |     673 |  87.1 |       5 |       1 |  16.7
     Temple |     189 |       0 |   0.0 |       3 |       0 |   0.0
            +---------+---------+-------+---------+---------+-------
